AoeStats
← harrydu13

Arabia

509585298Analyzed
4v4 RM · 6d ago on Sep 27, 2026· 33m 4s· 8 players
Game mode
Random Map
Map size
Large (8 player)
Population
200
Speed
Normal
Resources
Standard
Victory
Conquest
Starting age
Dark Age
Ending age
Imperial Age
RankedLock teamsTeams togetherTeam positionsShared explorationLock speedFull tech treeHidden civsTurbo modeCheats
Victory
Defeat
🇹🇼 Franks · Taiwan
810
+11
🇦🇺 Celts · Australia
791
+12
🇺🇸 Sicilians · United States
771
+13
🇨🇳 Bulgarians · China
537
+21
🇬🇧 Persians · United Kingdom
760
-17
🇪🇸 Byzantines · Spain
731
-16
🇫🇷 Teutons · France
663
-13
🇫🇷 Inca · France
615
-11
BOOSON 8
0:43 Loom
18:30 Feudal Age
20:59 Horse Collar
23:40 Man-at-Arms
24:07 Arson
26:50 Double-Bit Axe
30:32 Gold Mining
30:33 Stone Mining
33:18 Castle Age
33:11 Wheelbarrow
SosoAllstar
9:00 Loom
11:45 Feudal Age
12:18 Double-Bit Axe
14:13 Wheelbarrow
15:10 Horse Collar
16:08 Stone Mining
16:08 Gold Mining
25:03 Castle Age
23:22 Fletching
23:47 Forging
26:41 Hand Cart
30:54 Imperial Age
31:45 Caravan
32:10 Bow Saw
32:49 Bodkin Arrow
harrydu13
6:41 Loom
14:51 Feudal Age
15:56 Horse Collar
18:11 Wheelbarrow
zuri_gos
5:26 Loom
12:14 Feudal Age
15:03 Wheelbarrow
16:11 Double-Bit Axe
16:37 Horse Collar
21:14 Castle Age
19:29 Man-at-Arms
21:13 Horse Collar
21:24 Gold Mining
21:57 Man-at-Arms
29:13 Gambesons
verna7019
4:04 Loom
12:58 Feudal Age
17:22 Castle Age
17:23 Double-Bit Axe
18:22 Bow Saw
27:19 Fervor
31:41 Husbandry
33:13 Forging
33:09 Scale Barding Armor
iKalakamalaka
15:07 Feudal Age
13:28 Loom
15:55 Horse Collar
16:03 Double-Bit Axe
18:13 Town Watch
19:52 Wheelbarrow
24:37 Arson
LAI32
13:39 Feudal Age
16:30 Double-Bit Axe
16:28 Horse Collar
23:12 Castle Age
23:41 Wheelbarrow
25:49 Bow Saw
26:09 Heavy Plow
28:37 Hand Cart
28:38 Forging
28:29 Scale Mail Armor
28:35 Scale Barding Armor
30:28 Stirrups
30:29 Gold Mining
30:45 Stone Mining
Theoderic
6:06 Loom
12:12 Feudal Age
13:35 Wheelbarrow
12:47 Town Watch
12:52 Double-Bit Axe
13:02 Gold Mining
12:57 Horse Collar
17:40 Man-at-Arms
20:09 Stone Mining
23:03 Castle Age
20:58 Man-at-Arms
23:10 Stone Mining
24:10 Long Swordsman
24:35 Gambesons
26:01 Gold Shaft Mining
25:29 Pikeman
26:45 Heavy Plow
28:10 Stone Shaft Mining
30:13 Bow Saw
30:22 Scale Mail Armor
31:48 Stronghold
32:43 Hand Cart
Connection lost

Rejoining the realm…

Still unreachable

The connection could not be restored.

Session expired

The server has moved on; the page needs a fresh start.